 Dungeon Crawl Stone Soup version 0.22-a0-358-g7563fe7 (webtiles) character file.

1233 Kikal the Gusty (level 8, -7/34 HPs)
             Began as a Felid Air Elementalist on Apr 18, 2018.
             Was an Initiate of Cheibriados.
             Mangled by a killer bee (9 damage)
             ... on level 8 of the Dungeon.
             The game lasted 00:41:40 (14303 turns).

Kikal the Gusty (Felid Air Elementalist)           Turns: 14303, Time: 00:41:41

Health: -7/34      AC:  2    Str:  5    XL:     8   Next: 24%
Magic:  1/15       EV: 18    Int: 21    God:    Cheibriados [......]
Gold:   282        SH:  0    Dex: 17    Spells: 2/15 levels left
                                        Lives:  0   Deaths: 2

rFire    . . .     SeeInvis +     - Unarmed
rCold    . . .     Gourm    .   (shield unavailable)
rNeg     . . .     Faith    .   (armour unavailable)
rPois    .         Spirit   .   (helmet unavailable)
rElec    .         Reflect  .   (cloak unavailable)
rCorr    .         Harm     .   (gloves unavailable)
MR       +....                  (boots unavailable)
Stlth    +++++.....             (no amulet)
HPRegen  0.11/turn              o - ring of stealth
MPRegen  0.14/turn              (no ring)

@: lethally poisoned (-7 -> -13), slow
A: very small, no armour, no weapons or thrown items, stealth, claws 1, fangs 3,
see invisible, carnivore, speed 1, shaggy fur 2, slow metabolism 1, sharp paws
a: Bend Time, Renounce Religion


You were on level 8 of the Dungeon.
You worshipped Cheibriados.
Cheibriados was noncommittal.
You were full.

You visited 2 branches of the dungeon, and saw 9 of its levels.

You collected 282 gold pieces.

Inventory:

Jewellery
 o - a ring of stealth (left paw)
 t - an uncursed amulet of rage {unknown}
Wands
 e - a wand of disintegration (15)
 q - a wand of digging (8)
Scrolls
 a - a scroll of magic mapping
 c - a scroll of enchant weapon {unknown}
 d - a scroll of fear
 j - a scroll of teleportation
 l - 5 scrolls of amnesia
 n - a scroll of noise
 r - a scroll of fog
 s - 2 scrolls of identify
Potions
 f - 2 potions of curing
 g - 3 potions of mutation {unknown}
 i - 3 potions of flight
 k - a potion of agility {unknown}
 m - 2 potions of cancellation {unknown}
 p - a potion of degeneration {unknown}
Comestibles
 b - 15 rations


   Skills:
 + Level 3.1 Fighting
 + Level 3.2 Dodging
 - Level 7.0 Stealth
 * Level 5.2 Unarmed Combat
 - Level 4.0 Spellcasting
 - Level 5.5 Conjurations
 - Level 7.0 Air Magic


You had 2 spell levels left.
You knew the following spells:

 Your Spells              Type           Power        Failure   Level  Hunger
a - Shock                 Conj/Air       ####         1%          1    None
b - Static Discharge      Conj/Air       ####....     2%          3    ###....
c - Airstrike             Air            ####......   7%          4    ####...
d - Lightning Bolt        Conj/Air       ####......   26%         5    ######.


Dungeon Overview and Level Annotations

Branches:
Dungeon (8/15)             Temple (1/1) D:7
   Lair: D:8-11

Altars:
Ashenzari
Cheibriados
Dithmenos
Elyvilon
Fedhas
Gozag
Hepliaklqana
Kikubaaqudgha
Makhleb
Nemelex Xobeh
Okawaru
Ru
Sif Muna
Trog
Uskayaw
Vehumet
Wu Jian
Xom
Zin
The Shining One

Shops:
D:4 %[([=   D:5 *}   D:6 ?


Innate Abilities, Weirdness & Mutations

You cannot wear armour.
You are incapable of wielding weapons or throwing items.
Your paws allow you to move quietly. (Stealth)
You have sharp claws.
You have razor-sharp teeth.
You have supernaturally acute eyesight. (SInv)
You are carnivorous and can eat meat at any time.
You cover ground quickly.
You are covered in thick fur. (AC +2)
You have a slow metabolism.
Your sharp claws are effective at attacking unaware monsters.


Message History

The lightning grounds out.
The killer bee stings you! The killer bee barely misses you.
You take 10 damage, and have 16/34 hp.
MASSIVE DAMAGE!!
You now have 0/15 mp.
Unknown command.
You don't have enough magic to cast that spell.
You don't have enough magic to cast that spell.
The killer bee misses you. The killer bee stings you!
* * * LOW HITPOINT WARNING * * *
The killer bee stings you.
* * * LOW HITPOINT WARNING * * *
You are lethally poisoned!
The killer bee poisons you! The killer bee closely misses you.
You take 12 damage, and have 4/34 hp.
MASSIVE DAMAGE!!
* * * LOW HITPOINT WARNING * * *
You feel sick. The killer bee barely misses you.
The killer bee closely misses you. The killer bee barely misses you.
You take 1 damage, and have 3/34 hp.
* * * LOW HITPOINT WARNING * * *
You feel sick. The killer bee stings you!
You die...

...........#...#
#...........
#.......#...#
######......
#.......##.#########
#..._..
#####....#÷#..#....#
#......
#....#.).......#
##.....
#....#........##
######
#....#.........#
#....#†..y.....#
#....'.yy@.....#
#....###########
######


You could see 3 killer bees.

Vanquished Creatures
  Sigmund (D:4)
  Edmund (D:4)
  2 sky beasts
  An ice beast (D:8)
  A necrophage (D:5)
  3 ogres
  3 centaurs
  A scorpion (D:6)
  3 killer bees (D:8)
  9 wights (D:7)
  A howler monkey (D:7)
  2 crimson imps
  A quasit (D:5)
  A bullfrog zombie (D:8)
  A centaur zombie (D:5)
  Crazy Yiuf (D:4)
  2 hounds
  A jelly (D:7)
  2 orc wizards
  Jessica (D:3)
  3 iguanas
  8 worker ants
  A hound zombie (D:2)
  A hound skeleton (D:5)
  2 worker ant zombies
  3 gnolls (D:6)
  6 adders
  3 shadow imps
  An ooze (D:2)
  7 worms
  An adder skeleton (D:8)
  2 dart slugs
  8 leopard geckos
  29 orcs
  3 ball pythons
  8 bats
  9 giant cockroaches
  7 goblins
  4 hobgoblins
  6 jackals
  2 quokkas
  10 frilled lizards
  A jackal skeleton (D:6)
  6 kobolds
  A leopard gecko skeleton (D:7)
  A quokka skeleton (D:5)
  7 rats
  2 fungi (D:4)
180 creatures vanquished.

Notes
Turn   | Place    | Note
-------+----------+-------------------------------------------
     0 | D:1      | Kikal the Felid Air Elementalist began the quest for the Orb.
     0 | D:1      | Reached XP level 1. HP: 7/7 MP: 4/4
    20 | D:1      | Reached skill level 1 in Conjurations
   268 | D:1      | Reached XP level 2. HP: 11/11 MP: 4/6
  1707 | D:1      | Reached XP level 3. HP: 14/14 MP: 0/7
  1776 | D:1      | Learned a level 3 spell: Static Discharge
  3504 | D:2      | Reached XP level 4. HP: 15/18 MP: 1/8
  4641 | D:3      | Found a shadowy altar of Dithmenos.
  4645 | D:3      | Found a hazy altar of Hepliaklqana.
  4646 | D:3      | Found a blossoming altar of Fedhas.
  4647 | D:3      | Found a shimmering altar of Xom.
  4647 | D:3      | Found a sacrificial altar of Ru.
  4648 | D:3      | Found an ancient bone altar of Kikubaaqudgha.
  4649 | D:3      | Found an opulent altar of Gozag.
  4652 | D:3      | Found a sparkling altar of Nemelex Xobeh.
  4931 | D:3      | Noticed Jessica
  4933 | D:3      | Killed Jessica
  4933 | D:3      | Reached XP level 5. HP: 21/21 MP: 5/10
  5295 | D:4      | Found Taaraf's Jewellery Shoppe.
  5297 | D:4      | Found Fouff's Antique Weapon Emporium.
  5339 | D:4      | Noticed Edmund
  5470 | D:4      | Found Doanu's Food Shoppe.
  5823 | D:4      | Found Tyfoij's Armour Shoppe.
  5853 | D:4      | Found Wazayso's Armour Shop.
  6727 | D:4      | Gained mutation: You are covered in thick fur. (AC +2) [Felid growth]
  6727 | D:4      | Reached XP level 6. HP: 21/24 MP: 0/11
  6876 | D:4      | Found a bloodstained altar of Trog.
  7046 | D:4      | Noticed Sigmund
  7058 | D:5      | Entered Level 5 of the Dungeon
  7777 | D:5      | Reached skill level 5 in Air Magic
  7783 | D:5      | Learned a level 4 spell: Airstrike
  7993 | D:5      | Found Nausm's Gadget Shop.
  8171 | D:4      | Reached XP level 7. HP: 22/27 MP: 9/12
  8343 | D:4      | Killed Edmund
  8475 | D:4      | Killed Sigmund
  8871 | D:4      | Found a runed door.
  8875 | D:4      | Noticed Crazy Yiuf
  8878 | D:4      | Killed Crazy Yiuf
  8971 | D:5      | Shot with an arrow by a centaur
  8972 | D:5      | Reached XP level 6. HP: -4/24 MP: 1/12
  9025 | D:5      | Found Xasu's General Store.
  9156 | D:5      | Reached skill level 5 in Conjurations
  9156 | D:5      | Reached XP level 7. HP: 27/27 MP: 5/13
 10411 | D:6      | Reached skill level 5 in Stealth
 10546 | D:6      | Reached skill level 1 in Unarmed Combat
 10705 | D:6      | Reached XP level 8. HP: 19/31 MP: 7/14
 10877 | D:6      | Found Guecaur's Magic Scroll Shoppe.
 11715 | D:7      | Reached skill level 1 in Fighting
 12556 | D:7      | Found a staircase to the Ecumenical Temple.
 12567 | Temple   | Entered the Ecumenical Temple
 12589 | Temple   | Became a worshipper of Cheibriados the Contemplative
 13738 | D:8      | Reached XP level 9. HP: 37/37 MP: 6/15
 13919 | D:8      | Learned a level 5 spell: Lightning Bolt
 14082 | D:8      | Slain by a hippogriff
 14083 | D:8      | Reached XP level 8. HP: -1/34 MP: 1/15
 14161 | D:8      | Found a hide-covered altar of Uskayaw.
 14288 | D:8      | Reached skill level 5 in Unarmed Combat
 14303 | D:8      | Mangled by a killer bee

Vault maps used:
D:1:      ncdulo_smallfort
D:3:      minitemple, kennysheep_generic_room_2, uniq_jessica
D:4:      kennysheep_little_box, first_ration, cheibrodos_sewer_entry_bend,
          serial_shops, nicolae_shop_behind_doors, shop, shop_statue, shop,
          shop, uniq_crazy_yiuf_cottage, uniq_edmund, uniq_sigmund
D:5:      serial_shops, nicolae_shop_statue_plus, kennysheep_small_circle
D:6:      serial_shops, shop
D:7:      minmay_temple_entry_enclosed_plants
D:8:      david_lair_shrubbed, basic_altar, uniq_joseph
Temple:   minmay_temple_bridge_abc

Skill      XL: |  1  2  3  4  5  6  7  8  9 |
---------------+----------------------------+-----
Conjurations   | 1 2 3 5 |  5.5
Air Magic      | 3 4 6 7 |  7.0
Spellcasting   | 3 4 |  4.0
Stealth        | 5 7 |  7.0
Unarmed Combat | 1 5 |  5.2
Fighting       | 3 |  3.1
Dodging        | 3 |  3.2

Action                   |  1- 3 |  4- 6 |  7- 9 || total
-------------------------+-------+-------+-------++-------
Melee: Unarmed           |    48 |    44 |    97 ||   189
       Bite              |     4 |     3 |    10 ||    17
       Punch             |       |       |     1 ||     1
 Cast: Shock             |   105 |   139 |   213 ||   457
       Static Discharge  |     5 |    24 |    29 ||    58
       Airstrike         |       |     1 |    26 ||    27
  Use: Scroll            |       |       |    12 ||    12
 Stab: Sleeping          |     5 |     4 |     1 ||    10
  Eat: Chunk             |    14 |    12 |    26 ||    52
Armor: Skin              |     3 |     3 |     2 ||     8
Dodge: Dodged            |    57 |    64 |    75 ||   196

Table legend:
 A = Spawn XP
 B = Non-spawn XP
 C = Spawn XP percentage of total XP
 D = Spawn monster count
 E = Non-spawn monster count
 F = Spawn count percentage of total count
 G = Total turns spent on level
                    A         B        C        D         E        F      G
               +---------+---------+-------+---------+---------+-------+---------
         Total |       0 |    3820 |   0.0 |       0 |     178 |   0.0 | 14303
               +---------+---------+-------+---------+---------+-------+---------
           D:1 |       0 |      40 |   0.0 |       0 |      20 |   0.0 |  1998
           D:2 |       0 |     106 |   0.0 |       0 |      24 |   0.0 |  2072
           D:3 |       0 |      91 |   0.0 |       0 |      26 |   0.0 |  1464
           D:4 |       0 |     675 |   0.0 |       0 |      31 |   0.0 |  2425
           D:5 |       0 |     713 |   0.0 |       0 |      18 |   0.0 |  1853
           D:6 |       0 |     639 |   0.0 |       0 |      19 |   0.0 |  1801
           D:7 |       0 |    1009 |   0.0 |       0 |      28 |   0.0 |  2061
           D:8 |       0 |     547 |   0.0 |       0 |      12 |   0.0 |   585
               +---------+---------+-------+---------+---------+-------+---------
